 Dungeon Crawl Stone Soup version 0.27.1-2-g3b301248ec (webtiles) character file.

Game seed: 4959535945241865037

458556 cummra the Earth Mage (level 24, -3/99 HPs)
             Began as a Gargoyle Earth Elementalist on Oct 3, 2021.
             Was the Champion of Vehumet.
             Killed from afar by a starcursed mass (8 damage)
             ... with an accursed screaming
             ... on level 3 of the Abyss.
             The game lasted 04:51:31 (75637 turns).

cummra the Earth Mage (GrEE)                       Turns: 75637, Time: 04:51:31

Health: -3/99      AC: 36    Str: 10      XL:     24   Next: 43%
Magic:  6/37       EV: 14    Int: 28 (30) God:    Vehumet [******]
Gold:   2536       SH: 13    Dex:  6      Spells: 11/51 levels left

rFire    . . .     SeeInvis .   Q - +5 eveningstar (elec)
rCold    . . .     Faith    .   s - +2 buckler
rNeg     + . .     Spirit   .   o - +2 robe {Will+}
rPois    ∞         Reflect  +   E - +2 helmet
rElec    +         Harm     .   a - +2 cloak
rCorr    .         Rampage  .   M - +2 pair of gloves
Will     ++...     Rnd*Rage +   X - +1 pair of boots of Courage {Int+2} Stlth +.........Rnd*Tele +
                                W - amulet of reflection
HPRegen  0.00/turn              e - ring of magical power
MPRegen  0.25/turn              V - +6 ring of intelligence

@: about to teleport, unable to read, flying, inhibited regen, studying
Crossbows
A: sickness immunity, AC +18, big wings, negative energy resistance 1,
electricity resistance, torment resistance 1, petrification resistance, berserk
1[+2], [clumsy 2], [deformed body], [deterioration 2], [dopey 2], [frail 3],
[low mp 3], [screaming 2], [inhibited regeneration], [teleportitis 3], [weak 2],
[no potion heal 2], [subdued magic 3], [inability to read while threatened]
}: 2/15 runes: decaying, gossamer
a: Renounce Religion


You were on level 3 of the Abyss.
You worshipped Vehumet.
Vehumet was exalted by your worship.
You visited 9 branches of the dungeon, and saw 40 of its levels.
You visited the Abyss 1 time.
You visited 1 bazaar.

You collected 6002 gold pieces.
You spent 3466 gold pieces at shops.

Inventory:

Hand Weapons
 Q - a +5 eveningstar of electrocution (weapon)
Missiles
 c - 732 stones
 A - 10 throwing nets
Armour
 a - a +2 cloak (worn)
 o - a +2 robe of willpower (worn)
 p - a +2 robe of cold resistance
 s - a +2 buckler (worn)
 E - a +2 helmet (worn)
 M - a +2 pair of gloves (worn)
 X - the +1 pair of boots of Courage (worn) {Int+2}
   (You found it on level 3 of the Elven Halls)

   Int:       It affects your intelligence (+2).
Jewellery
 e - a ring of magical power (left hand)
 m - a ring of protection from fire
 r - a ring of see invisible
 t - a +6 ring of strength
 u - a ring of protection from cold
 B - a ring of positive energy
 F - a ring of protection from fire
 O - a ring of protection from cold
 S - a ring of protection from cold
 V - a +6 ring of intelligence (right hand)
 W - an amulet of reflection (around neck)
Wands
 q - a wand of polymorph (43)
 I - a wand of digging (12)
 P - a wand of iceblast (11)
Scrolls
 b - 4 scrolls of amnesia
 h - 10 scrolls of noise
 i - 3 scrolls of teleportation
 n - 2 scrolls of enchant weapon
 w - 4 scrolls of silence
 y - 6 scrolls of fog
 C - 2 scrolls of fear
 G - 5 scrolls of magic mapping
 J - 24 scrolls of identify
 L - 4 scrolls of enchant armour
 N - 3 scrolls of blinking
 R - 3 scrolls of acquirement
 T - a scroll of brand weapon
Potions
 d - 5 potions of curing
 f - 2 potions of mutation
 g - a potion of invisibility
 j - 2 potions of heal wounds
 k - 4 potions of magic
 l - 4 potions of cancellation
 x - 7 potions of ambrosia
 z - 5 potions of brilliance
 D - 2 potions of berserk rage
 H - a potion of might
 K - 13 potions of haste
 U - a potion of resistance


   Skills:
 - Level 12.2 Fighting
 + Level 11.6 Maces & Flails
 + Level 14.7 Armour
 + Level 11.8 Dodging
 - Level 2.1 Stealth
 + Level 14.3 Shields
 + Level 14.0 Spellcasting
 + Level 15.9 Conjurations
 - Level 0.7 Transmutations
 * Level 16.0 Fire Magic
 + Level 17.6 Earth Magic
 - Level 10.5 Evocations


You had 11 spell levels left.
You knew the following spells:

 Your Spells              Type           Power      Damage    Failure   Level
a - Sandblast             Erth           100%       2d20      0%          1
b - Stone Arrow           Conj/Erth      100%       3d13      0%          3
c - Conjure Flame         Conj/Fire      55%        6-21      0%          3
d - Lee's Rapid Deconstr  Erth           29%        3d16*     0%          5
e - Fireball              Conj/Fire      27%        3d12      0%          5
f - Iron Shot             Conj/Erth      28%        9d6       1%          6
g - Fire Storm            Conj/Fire      27%        8d7       56%         9
h - Lehudib's Crystal Sp  Conj/Erth      28%        10d7      3%          8

Your spell library contained the following spells:

 Spells                   Type           Power      Damage    Failure   Level
 Maxwell's Capacitive Co  Air            5%         ∞         100%        8
 Polar Vortex             Ice            5%         N/A       100%        9
 Foxfire                  Conj/Fire      100%       2x1d9     0%          1
 Magic Dart               Conj           100%       1d8       0%          1
 Passwall                 Tmut/Erth      30%        N/A       0%          2
 Sticky Flame             Conj/Fire      55%        2d7       0%          4
 Bolt of Magma            Conj/Fire/Erth 28%        4d13      0%          5
 Iskenderun's Battlesphe  Conj           55%        2d11      0%          5
 Animate Skeleton         Necr           20%        N/A       1%          1
 Beastly Appendage        Tmut           24%        N/A       1%          1
 Pain                     Necr           40%        1d6       1%          1
 Sting                    Tmut/Pois      44%        1d5       1%          1
 Blink                    Tloc           N/A        N/A       1%          2
 Call Imp                 Summ           10%        N/A       1%          2
 Corpse Rot               Necr/Air       N/A        N/A       1%          2
 Poisonous Vapours        Pois/Air       20%        N/A       1%          2
 Slow                     Hex            10%        N/A       1%          2
 Wereblood                Tmut           12%        N/A       1%          2
 Ignite Poison            Fire/Tmut/Pois 26%        N/A       1%          3
 Inner Flame              Hex/Fire       33%        N/A       1%          3
 Mephitic Cloud           Conj/Pois/Air  25%        N/A       1%          3
 Animate Armour           Summ/Erth      72%        N/A       1%          4
 Hailstorm                Conj/Ice       33%        3d8       1%          4
 Petrify                  Tmut/Erth      37%        N/A       1%          4
 Borgnjor's Vile Clutch   Necr/Erth      18%        N/A       1%          5
 Freezing Cloud           Conj/Ice/Air   12%        6-21      1%          5
 Orb of Destruction       Conj           27%        9d11      1%          7
 Conjure Ball Lightning   Conj/Air       16%        3x3d6     2%          6
 Confusing Touch          Hex            10%        N/A       3%          3
 Gell's Gravitas          Tloc           5%         N/A       3%          3
 Lesser Beckoning         Tloc           5%         N/A       3%          3
 Portal Projectile        Hex/Tloc       20%        N/A       3%          3
 Spider Form              Tmut/Pois      5%         N/A       3%          3
 Summon Guardian Golem    Hex/Summ       10%        N/A       3%          3
 Teleport Other           Tloc           10%        N/A       3%          3
 Vampiric Draining        Necr           5%         2d6       3%          3
 Yara's Violent Unravell  Hex/Tmut       5%         3d4       12%         5
 Ice Form                 Ice/Tmut       11%        N/A       13%         4
 Summon Ice Beast         Ice/Summ       10%        N/A       16%         4
 Spellforged Servitor     Conj/Summ      16%        N/A       16%         7
 Shatter                  Erth           29%        3d24*     34%         9
 Blade Hands              Tmut           6%         N/A       36%         5
 Alistair's Intoxication  Tmut/Pois      7%         N/A       41%         5
 Agony                    Necr           10%        N/A       45%         5
 Excruciating Wounds      Necr           5%         N/A       45%         5
 Manifold Assault         Tloc           10%        N/A       45%         5
 Metabolic Englaciation   Hex/Ice        5%         N/A       45%         5
 Summon Mana Viper        Hex/Summ       10%        N/A       45%         5
 Eringya's Noxious Bog    Tmut/Pois      5%         N/A       54%         6
 Dispersal                Tloc           5%         N/A       97%         6
 Simulacrum               Ice/Necr       5%         N/A       97%         6
 Dragon Form              Tmut           6%         N/A       100%        7
 Monstrous Menagerie      Summ           5%         N/A       100%        7
 Storm Form               Tmut/Air       5%         N/A       100%        7
 Necromutation            Tmut/Necr      5%         N/A       100%        8
 Chain Lightning          Conj/Air       16%        3d22      100%        9
 Statue Form              Tmut/Erth      Unusable   N/A       N/A         6

Dungeon Overview and Level Annotations

Branches:
Dungeon (15/15)            Temple (1/1) D:7            Lair (6/6) D:11
  Swamp (4/4) Lair:3       Spider (4/4) Lair:4        Slime (0/5) Lair:5
    Orc (2/2) D:12            Elf (3/3) Orc:2        Vaults (4/5) D:13
  Crypt (0/3) Vaults:3     Depths (1/5) D:15

Altars:
Ashenzari
Cheibriados
Dithmenos
Elyvilon
Fedhas
Gozag
Hepliaklqana
Kikubaaqudgha
Makhleb
Nemelex Xobeh
Okawaru
Qazlal
Ru
Sif Muna
Trog
Uskayaw
Vehumet
Wu Jian
Xom
Yredelemnul
Zin
The Shining One
Jiyva

Shops:
D:4 (   D:6 (   D:9 =   D:14 =!!   Orc:1 (   Orc:2 *=![(:   Elf:2 ?
Vaults:2 *   Vaults:4 ?

Portals:
Hell: Depths:1
Pandemonium: Depths:1

Annotations:
D:8 2 transporters, nxtlvl's ghost, novice HOMo
Spider:2 3 runed translucent doors, Cumomo's ghost, adept SpEn; robotcentaur's ghost, adept TeNe


Innate Abilities, Weirdness & Mutations

You are immune to sickness and miasma.
Your stone body is resilient. (AC +18)
You are immune to poison.
Your large and strong wings let you fly.
You resist negative energy. (rN+)
You are resistant to electric shocks. (rElec)
You are resistant to unholy torment.
You are immune to petrification.
[You have an uncontrollable temper.]
[You are very clumsy. (Dex -4)]
[Armour fits poorly on your strangely shaped body.]
[Your body often deteriorates upon taking damage.]
[You are very dopey. (Int -4)]
[You are extremely frail. (-30% HP)]
[Your magical capacity is extremely low. (-30% MP)]
[You frequently scream uncontrollably at your foes.]
[You do not regenerate when monsters are visible.]
[You are often teleported next to monsters.]
[You are very weak. (Str -4)]
[Potions cannot restore your health.]
[Your spells are much easier to cast, but much less powerful.]
[You sometimes lose the ability to read scrolls when taking damage.]


Message History

* * * LOW HITPOINT WARNING * * *
The wretched star glows turbulently.
The lance of force reflects off an invisible shield around you!
The lance of force hits the wretched star!!
You destroy the wretched star!
Vehumet accepts your kill.
You feel your power returning.
The large abomination hits you but does no damage.
Casting: Lee's Rapid Deconstruction (safe; 0% risk of failure)
Confirm with . or Enter, or press ? or * to list all spells.
Aiming: Lee's Rapid Deconstruction (safe; 0% risk of failure)
Press: ? - help, Dir - move target A stone wall.
The wall shatters!
The blast of rock fragments hits the large abomination!!
The large abomination is heavily damaged.
The blast of rock fragments hits the large abomination!
The large abomination is almost destroyed.
The large abomination barely misses you.
Casting: Lee's Rapid Deconstruction (safe; 0% risk of failure)
Confirm with . or Enter, or press ? or * to list all spells.
You don't have enough magic to cast this spell.
Casting: Lee's Rapid Deconstruction (safe; 0% risk of failure)
Confirm with . or Enter, or press ? or * to list all spells.
You don't have enough magic to cast this spell.
The large abomination hits you but does no damage.
You block the large abomination's attack.
A large abomination comes into view.
You can read scrolls again.
A ynoxinul comes into view.
An ancient zyme comes into view.
You cannot be healed by potions.
As you read the scroll of teleportation, it crumbles to dust.
You feel strangely unstable.
You feel the power of the Abyss delaying your translocation!
You block the large abomination's attack.
You block the large abomination's attack.
The starcursed mass shrieks in your mind.
You feel threatened and lose the ability to read scrolls!
You die...

##. #.
#≈≈≈≈≈≈≈≈≈X≈≈≈ ..#
#....X≈♣≈≈≈ ≈≈≈ ≈ .
... #....≈≈≈≈3≈≈≈≈≈
#x.#.#.#X##♣≈≈####≈≈
# #.....##X#####X#.#
#..##.... #..# ##
#..#..≈. ..# ###.
#X##...#.. # X#..X
#@#. .#... .# X #
###...# .... X## .
.. . #....... ... ##
.. # .... .#... .
..## ..#. . # .##
....# . # ..#.. #..
#.


You could see a starcursed mass and 2 large abominations.

Vanquished Creatures
  Mara (Spider:3)
  Mennas (Vaults:3)
  Frederick (Vaults:3)
  Nikola (Vaults:3)
  2 bone dragons
  Arachne (Spider:3)
  2 liches
  4 deep elf blademasters
  A titan (Vaults:4)
  4 deep elf master archers (Elf:3)
  Frances (D:13)
  Kirke (Swamp:2)
  4 sphinxes
  Donald (Orc:2)
  A tengu reaver (Vaults:2)
  Roxanne (Swamp:1)
  8 vault wardens
  6 deep elf sorcerers
  2 fenstrider witches
  2 frost giants (D:15)
  5 orc warlords
  Aizul (Swamp:1)
  3 ghost moths
  4 deep elf elementalists (Elf:3)
  8 emperor scorpions
  14 ironbound preservers
  17 very ugly things
  A draconian stormcaller (Abyss:2)
  A curse skull (Vaults:3)
  Nessos (D:13)
  A vampire knight (Depths:1)
  4 stone giants
  A green draconian (Abyss:3)
  6 bunyips
  8 deep elf annihilators
  5 spark wasps
  4 deep elf demonologists
  5 dire elephants
  6 entropy weavers
  4 eleionomae
  A crystal guardian (Vaults:3)
  An eidolon (Vaults:3)
  Josephine (Lair:4)
  2 ettins
  14 yaktaur captains
  A fire dragon (Lair:6)
  3 deep elf death magi (Elf:3)
  2 deep elf high priests
  A peacekeeper (Vaults:3)
  10 vault guards
  5 ironbound thunderhulks
  Erolcha (Orc:2)
  An ice dragon (shapeshifter) (Elf:2)
  An ogre mage (Vaults:2)
  26 hydras
  3 ice dragons
  9 ironbound frosthearts
  3 rakshasas
  3 ghost crabs
  4 catoblepae
  8 boulder beetles
  4 death knights
  9 two-headed ogres
  19 centaur warriors
  36 dancing weapons
  2 tengu warriors
  A vampire mage (Vaults:3)
  13 alligators
  6 death yaks (Lair:4)
  A deep troll earth mage (D:15)
  10 ironbound beastmasters
  5 thrashing horrors
  3 orc high priests
  A hell knight (D:15)
  15 deep elf knights
  A sun demon (Depths:1)
  A fire crab (D:15)
  2 wretched stars (Abyss:3)
  An iron troll (Depths:1)
  4 glowing orange brains
  6 skeletal warriors
  A flayed ghost (D:15)
  31 deep trolls
  An iron troll (shapeshifter) (Vaults:2)
  5 swamp dragons
  6 goliath frogs
  10 deep elf archers
  A glowing orange brain (shapeshifter) (D:15)
  3 spectral hydras
  8 bog bodies
  5 spriggan druids
  19 ironbound convokers
  2 necromancers
  2 phantasmal warriors
  8 wizards
  3 harpies (Vaults:1)
  15 lindwurms
  32 deep elf pyromancers
  28 wolf spiders
  28 orb spiders
  17 deep elf zephyrmancers
  16 orc knights
  A shining eye (shapeshifter) (Vaults:2)
  6 orc sorcerers
  6 will-o-the-wisps
  34 ugly things
  10 cyclopes
  6 manticores
  A manticore (shapeshifter) (Vaults:2)
  A moth of wrath (Lair:4)
  15 vault sentinels
  8 black mambas
  3 molten gargoyles (Lair:6)
  2 gargoyles
  A guardian serpent (Vaults:2)
  2 smoke demons
  A yaktaur zombie (Vaults:3)
  An unseen horror (D:11)
  9 komodo dragons
  3 rime drakes
  3 kobold demonologists (D:12)
  18 cane toads
  2 unseen horrors (shapeshifter)
  3 freezing wraiths
  2 efreet
  3 swamp worm zombies (Swamp:4)
  15 yaktaurs
  A tormentor (Abyss:2)
  6 ancient zymes
  A komodo dragon (shapeshifter) (D:14)
  A yaktaur (shapeshifter) (D:15)
  12 demonic crawlers
  A human skeleton (Vaults:3)
  A troll (shapeshifter) (Elf:2)
  2 trolls
  4 tengu conjurers
  4 hydra zombies (Swamp:4)
  4 meliai
  2 polar bears
  A bloated husk (Swamp:4)
  25 jumping spiders
  17 hornets
  11 tyrant leeches
  5 alligator zombies (Swamp:4)
  42 slime creatures
  16 blink frogs
  3 spectral swamp dragons
  2 centaur simulacra (D:15)
  A spriggan (shapeshifter) (D:15)
  A shadow (D:13)
  A redback (shapeshifter) (Elf:2)
  69 redbacks
  Sigmund (D:3)
  16 spriggans
  2 air elementals
  7 wraiths
  34 tarantellas
  5 wyverns
  3 water elementals
  2 vampires
  44 yaks
  A human (shapeshifter) (Elf:2)
  Eustachio (D:5)
  9 basilisks
  2 chaos spawn (Abyss:2)
  2 fire elementals
  3 large abominations
  A neqoxec (Abyss:2)
  A fire bat (shapeshifter) (Elf:2)
  A golden eye (shapeshifter) (D:15)
  2 hogs (Swamp:2)
  11 vampire mosquitoes
  4 steam dragons
  15 swamp worms
  Menkaure (D:5)
  A swamp worm (shapeshifter) (D:15)
  6 wargs
  An acid dragon (D:13)
  Edmund (D:5)
  4 hell hounds (Lair:6)
  16 water moccasins
  A meliai simulacrum (D:15)
  3 swamp dragon zombies (Swamp:4)
  2 ice beasts
  A black bear (shapeshifter) (Elf:2)
  2 swamp drakes
  26 orc warriors
  A swamp drake (shapeshifter) (D:15)
  3 black bears
  9 ogres
  10 centaurs
  2 boggarts (D:15)
  A tengu (shapeshifter) (D:15)
  21 wolves
  An elf simulacrum (Vaults:3)
  6 phantoms
  4 kobold brigands
  10 bullfrogs
  6 gnoll sergeants
  4 earth elementals
  A wyvern skeleton (D:7)
  3 killer bees (D:8)
  4 wights (D:8)
  4 electric eels
  6 lava snakes
  3 centaur zombies
  4 howler monkeys
  3 bullfrog zombies
  11 hounds
  3 starcursed masses (Abyss:2)
  A quasit (Abyss:2)
  11 orc priests
  A jelly (D:5)
  Crazy Yiuf (D:7)
  A centaur skeleton (D:7)
  2 gnoll shamans
  A bullfrog skeleton (D:6)
  3 iguanas
  A scorpion zombie (D:5)
  14 orc wizards
  2 spectral swamp drakes (Swamp:4)
  5 hell rats (Lair:6)
  5 small abominations
  Robin (D:4)
  A howler monkey zombie (D:4)
  An adder (shapeshifter) (Elf:2)
  A gnoll (shapeshifter) (Elf:2)
  35 gnolls
  6 adders
  3 white imps (Abyss:2)
  3 ufetubi
  An adder skeleton (D:4)
  An adder zombie (D:5)
  4 dart slugs
  45 orcs
  5 ball pythons
  8 endoplasms
  A giant cockroach (shapeshifter) (Elf:2)
  4 giant cockroaches
  15 goblins
  6 hobgoblins
  9 jackals
  8 kobolds
  3 quokkas
  9 bats
  4 rats
  7 briar patches (Swamp:1)
1595 creatures vanquished.

Vanquished Creatures (others)
  A large abomination (Abyss:3)
  An orc priest (Orc:2)
  A kobold zombie (Abyss:2)
  27 foxfires
  53 fungi
  A lurking horror (Abyss:2)
  43 plants
  4 starspawn tentacles (Abyss:3)
131 creatures vanquished.

Grand Total: 1726 creatures vanquished

Notes
Turn   | Place    | Note
-------+----------+-------------------------------------------
     0 | D:1      | cummra the Gargoyle Earth Elementalist began the quest for
                  | the Orb.
     0 | D:1      | Reached XP level 1. HP: 10/10 MP: 3/3
   590 | D:1      | Reached XP level 2. HP: 13/15 MP: 3/5
   651 | D:1      | Reached skill level 4 in Earth Magic
  1616 | D:2      | Reached XP level 3. HP: 15/19 MP: 0/6
  2302 | D:2      | Found a faded altar of an unknown god.
  2454 | D:2      | Reached XP level 4. HP: 18/24 MP: 5/8
  2725 | D:2      | Learned a level 3 spell: Stone Arrow
  3112 | D:3      | Reached skill level 5 in Earth Magic
  3758 | D:3      | Noticed Sigmund
  3769 | D:3      | Killed Sigmund
  3770 | D:3      | Reached XP level 5. HP: 12/28 MP: 4/11
  3770 | D:3      | Reached XP level 6. HP: 14/32 MP: 4/12
  4266 | D:4      | Noticed Edmund
  4354 | D:3      | Reached skill level 6 in Earth Magic
  4641 | D:4      | Found the +3 sling "Punk" {acid, rCorr}
  5107 | D:4      | Noticed Robin
  5136 | D:4      | Killed Robin
  5149 | D:4      | Reached XP level 7. HP: 11/36 MP: 13/13
  5432 | D:4      | Found Idier's Antique Weapon Shoppe.
  5859 | D:5      | Entered Level 5 of the Dungeon
  5930 | D:5      | Noticed Eustachio
  6045 | D:5      | Reached skill level 5 in Spellcasting
  6120 | D:5      | Reached skill level 7 in Earth Magic
  6179 | D:5      | Killed Eustachio
  6180 | D:5      | Reached XP level 8. HP: 41/41 MP: 4/16
  6304 | D:5      | Reached skill level 5 in Conjurations
  6431 | D:5      | Noticed Menkaure
  6438 | D:5      | Killed Menkaure
  6533 | D:5      | Paralysed by Edmund for 2 turns
  6535 | D:5      | Killed Edmund
  6536 | D:5      | Reached skill level 8 in Earth Magic
  7190 | D:6      | Reached skill level 1 in Maces & Flails
  7190 | D:6      | Reached XP level 9. HP: 45/45 MP: 11/18
  7315 | D:6      | Found Tawu's Firing Range.
  7908 | D:7      | Reached skill level 1 in Fighting
  7908 | D:7      | Reached skill level 1 in Armour
  8445 | D:7      | Found a staircase to the Ecumenical Temple.
  8500 | D:7      | Reached skill level 1 in Evocations
  8543 | Temple   | Entered the Ecumenical Temple
  9615 | D:7      | Found a runed translucent door.
  9616 | D:7      | Noticed Crazy Yiuf
  9830 | D:7      | Killed Crazy Yiuf
 10040 | D:8      | Noticed a two-headed ogre
 10044 | D:8      | Killed a two-headed ogre
 10045 | D:8      | Reached skill level 9 in Earth Magic
 10166 | D:8      | Reached XP level 10. HP: 55/55 MP: 20/20
 10438 | D:8      | Found a transporter.
 10443 | D:8      | Learned a level 3 spell: Conjure Flame
 10450 | D:8      | Noticed a centaur warrior
 10468 | D:8      | Identified the +6 dagger "Bymuv" {vorpal, rPois rF+++ rC-
                  | Int-2}
 10468 | D:8      | Noticed a centaur warrior
 10470 | D:8      | Noticed nxtlvl's ghost (novice HOMo)
 10476 | D:8      | Found a transporter.
 10499 | D:8      | Noticed a manticore
 11124 | D:9      | Reached skill level 1 in Fire Magic
 11198 | D:9      | Noticed a two-headed ogre
 11208 | D:9      | Killed a two-headed ogre
 11871 | D:9      | Found Vobuta's Jewellery Emporium.
 11883 | D:9      | Reached skill level 1 in Shields
 11890 | D:10     | Entered Level 10 of the Dungeon
 12316 | D:9      | Noticed a two-headed ogre
 12324 | D:9      | Killed a two-headed ogre
 12325 | D:9      | Reached XP level 11. HP: 61/61 MP: 22/22
 12660 | D:9      | Reached skill level 10 in Earth Magic
 12894 | D:9      | Noticed a cyclops
 12901 | D:9      | Killed a cyclops
 13984 | D:10     | Found a radiant altar of Vehumet.
 13996 | D:10     | Noticed a two-headed ogre
 14001 | D:10     | Killed a two-headed ogre
 14002 | D:10     | Reached skill level 5 in Armour
 14019 | D:10     | Became a worshipper of Vehumet
 14097 | D:10     | Noticed a two-headed ogre
 14103 | D:10     | Killed a two-headed ogre
 14104 | D:10     | Reached skill level 5 in Fighting
 14790 | D:11     | Noticed a boulder beetle
 14838 | D:11     | Noticed a two-headed ogre
 14844 | D:11     | Killed a two-headed ogre
 14967 | D:11     | Noticed a cyclops
 14970 | D:11     | Killed a cyclops
 15088 | D:11     | Found a staircase to the Lair.
 15161 | D:11     | Identified the +1 chain mail "Anotyum" {rF+ Int-5 Dex+3}
 15697 | Lair:1   | Entered Level 1 of the Lair of Beasts
 15697 | Lair:1   | Noticed a four-headed hydra
 15697 | Lair:1   | Noticed a six-headed hydra
 15706 | D:11     | Killed a four-headed hydra
 15707 | D:11     | Reached skill level 5 in Maces & Flails
 15707 | D:11     | Reached XP level 12. HP: 61/68 MP: 24/24
 15897 | D:12     | Noticed a centaur warrior
 15917 | D:12     | Killed a centaur warrior
 16013 | D:12     | Found a staircase to the Orcish Mines.
 16380 | D:12     | Reached * piety under Vehumet
 16380 | D:12     | Offered knowledge of Shock by Vehumet.
 16476 | D:12     | Noticed a two-headed ogre
 16483 | D:12     | Killed a two-headed ogre
 16565 | D:12     | Noticed a boulder beetle
 16630 | D:11     | Killed a six-headed hydra
 16631 | D:11     | Reached skill level 5 in Evocations
 16632 | D:11     | Reached skill level 5 in Dodging
 16831 | Lair:1   | Noticed a seven-headed hydra
 16837 | Lair:1   | Killed a seven-headed hydra
 16896 | Lair:1   | Noticed a seven-headed hydra
 16923 | Lair:1   | Killed a seven-headed hydra
 16924 | Lair:1   | Reached skill level 11 in Earth Magic
 17521 | Lair:1   | Reached ** piety under Vehumet
 17521 | Lair:1   | Offered knowledge of Static Discharge by Vehumet.
 17522 | Lair:1   | Reached skill level 5 in Shields
 17522 | Lair:1   | Reached skill level 5 in Fire Magic
 17551 | Lair:1   | Reached XP level 13. HP: 75/75 MP: 13/25
 18649 | Lair:2   | You fall into a shaft and drop 1 floor!
 18679 | Lair:3   | Offered knowledge of Searing Ray by Vehumet.
 19070 | Lair:2   | You fall into a shaft and drop 1 floor!
 20380 | Lair:3   | Found a staircase to the Swamp.
 20400 | Lair:3   | Reached *** piety under Vehumet
 21518 | Lair:4   | Noticed Josephine
 21681 | Lair:4   | Killed Josephine
 21681 | Lair:4   | Offered knowledge of Fulminant Prism by Vehumet.
 21863 | Lair:4   | Found a hole to the Spider Nest.
 22054 | Lair:4   | Gained mutation: Your large and strong wings let you fly.
                  | [Gargoyle growth]
 22054 | Lair:4   | Reached XP level 14. HP: 82/82 MP: 27/27
 22335 | Lair:4   | Reached skill level 10 in Conjurations
 22942 | Lair:5   | Found a viscous altar of Jiyva.
 22942 | Lair:5   | Found a staircase to the Slime Pits.
 23582 | Lair:6   | Entered Level 6 of the Lair of Beasts
 23675 | Lair:5   | Reached **** piety under Vehumet
 23711 | Lair:6   | Reached skill level 12 in Earth Magic
 23839 | Lair:6   | Offered knowledge of Frozen Ramparts by Vehumet.
 24578 | Lair:6   | Reached ***** piety under Vehumet
 24916 | Lair:6   | Offered knowledge of Lee's Rapid Deconstruction by Vehumet.
 25425 | Lair:6   | Found a large runed translucent door.
 25425 | Lair:6   | Found a large runed translucent door.
 25956 | Lair:6   | Learned a level 5 spell: Lee's Rapid Deconstruction
 25962 | Lair:6   | Learned a level 5 spell: Fireball
 26215 | Orc:1    | Entered Level 1 of the Orcish Mines
 26431 | Orc:1    | Found Devulub's Antique Weapon Shop.
 26511 | Orc:1    | Reached XP level 15. HP: 89/89 MP: 28/28
 26766 | Orc:1    | Found a flagged portal.
 26915 | Orc:2    | Entered Level 2 of the Orcish Mines
 26933 | Orc:2    | Noticed Donald
 27067 | Orc:2    | Found Dakom's Distillery.
 27070 | Orc:2    | Found a flickering gateway to a bazaar.
 27113 | Orc:2    | Noticed Erolcha
 27117 | Orc:2    | Killed Erolcha
 27127 | Orc:2    | Found Tuighyum's Book Boutique.
 27626 | Orc:2    | Found Ekikamul's Antique Weapon Emporium.
 27641 | Orc:2    | Found Risas's Antique Armour Emporium.
 27742 | Orc:2    | Killed Donald
 27908 | Orc:2    | Paralysed by an orc sorcerer for 5 turns
 27947 | Bazaar   | Entered a bazaar
 27995 | Bazaar   | Found Ditazxuda's Antique Armour Shop.
 28008 | Bazaar   | Found Xofa's Weapon Boutique.
 28037 | Bazaar   | Found Omoh's Book Shop.
 28037 | Bazaar   | Found Pofru's Assorted Antiques.
 28055 | Bazaar   | Bought a book of Annihilations for 520 gold pieces
 28098 | Bazaar   | Bought a colourful robe for 108 gold pieces
 28098 | Bazaar   | Identified the +1 robe of the Fisher {Dex+2} (You bought it
                  | in a shop in a bazaar)
 28117 | Bazaar   | Bought a potion of heal wounds for 150 gold pieces
 28117 | Bazaar   | Bought a scroll of teleportation for 90 gold pieces
 28117 | Bazaar   | Bought a potion of curing for 90 gold pieces
 28117 | Bazaar   | Bought a potion of curing for 90 gold pieces
 28117 | Bazaar   | Bought a scroll of fear for 105 gold pieces
 28143 | Orc:2    | Noticed an orc warlord
 28509 | Orc:2    | Killed an orc warlord
 28674 | Orc:2    | Bought a potion of heal wounds for 80 gold pieces
 28674 | Orc:2    | Bought a potion of curing for 48 gold pieces
 28674 | Orc:2    | Bought a potion of haste for 160 gold pieces
 28689 | Orc:2    | Found Uskaarph's General Store.
 28708 | Orc:2    | Found a staircase to the Elven Halls.
 28711 | Orc:2    | Bought a scroll of teleportation for 45 gold pieces
 28711 | Orc:2    | Bought 2 potions of haste for 300 gold pieces
 28765 | Orc:2    | Found Aleuczag's Jewellery Boutique.
 29039 | Swamp:1  | Entered Level 1 of the Swamp
 29408 | Swamp:1  | Found a transporter.
 29496 | Swamp:1  | Reached skill level 10 in Spellcasting
 29516 | Swamp:1  | Identified Roxanne's Catalogue of Transmutation
 29516 | Swamp:1  | Noticed Roxanne
 29768 | Swamp:1  | Found a transporter.
 30282 | Swamp:1  | Killed Roxanne
 30432 | Swamp:2  | Offered knowledge of Bolt of Magma by Vehumet.
 30510 | Swamp:2  | Noticed Aizul
 30745 | Swamp:1  | Killed Aizul
 30932 | Swamp:2  | Reached XP level 16. HP: 96/96 MP: 30/30
 30962 | Swamp:2  | Noticed a fenstrider witch
 30967 | Swamp:2  | Killed a fenstrider witch
 31361 | Swamp:2  | Reached skill level 13 in Earth Magic
 31365 | Swamp:2  | Noticed Kirke
 31375 | Swamp:2  | Killed Kirke
 33053 | Swamp:4  | Entered Level 4 of the Swamp
 33581 | Swamp:4  | Reached skill level 10 in Armour
 34027 | Swamp:4  | Reached skill level 10 in Fighting
 34284 | Swamp:3  | Reached ****** piety under Vehumet
 34284 | Swamp:3  | Offered knowledge of Yara's Violent Unravelling by Vehumet.
 34469 | Swamp:4  | Noticed a fenstrider witch
 34473 | Swamp:4  | Killed a fenstrider witch
 34746 | Swamp:3  | Reached XP level 17. HP: 98/102 MP: 31/31
 34839 | Swamp:4  | Noticed a bone dragon
 35428 | Swamp:4  | Killed a bone dragon
 35683 | Swamp:4  | Got a decaying rune of Zot
 35860 | Spider:1 | Entered Level 1 of the Spider Nest
 36176 | Lair:4   | Reached XP level 18. HP: 108/108 MP: 33/33
 36482 | Spider:1 | Found a runed translucent door.
 36577 | Spider:1 | Reached skill level 14 in Earth Magic
 37092 | Spider:2 | Offered knowledge of Iron Shot by Vehumet.
 37102 | Spider:2 | Learned a level 6 spell: Iron Shot
 38466 | Spider:2 | Reached skill level 10 in Shields
 38716 | Spider:2 | Found a runed translucent gate.
 38722 | Spider:2 | Found a runed translucent gate.
 38722 | Spider:2 | Found a runed translucent gate.
 38723 | Spider:2 | Noticed robotcentaur's ghost (adept TeNe)
 38724 | Spider:2 | Noticed Cumomo's ghost (adept SpEn)
 39249 | Spider:3 | Noticed Mara
 39626 | Spider:3 | Noticed Arachne
 39635 | Spider:3 | Killed Arachne
 39636 | Spider:3 | Reached skill level 10 in Maces & Flails
 39840 | Spider:4 | Entered Level 4 of the Spider Nest
 40399 | Spider:3 | Reached XP level 19. HP: 102/113 MP: 6/34
 40587 | Spider:3 | Noticed cummra's illusion
 40812 | Spider:3 | Killed Mara
 40813 | Spider:3 | Reached skill level 10 in Fire Magic
 41098 | Spider:3 | Offered knowledge of Starburst by Vehumet.
 44454 | Spider:4 | Got a gossamer rune of Zot
 44523 | Spider:4 | Learned a level 9 spell: Fire Storm
 44773 | Elf:1    | Entered Level 1 of the Elven Halls
 44847 | Elf:1    | Paralysed by an air elemental for 1 turns
 44977 | Elf:1    | Offered knowledge of Ozocubu's Refrigeration by Vehumet.
 46341 | Elf:1    | Reached skill level 10 in Evocations
 46471 | Elf:1    | Found an ancient bone altar of Kikubaaqudgha.
 46988 | Elf:2    | Found Furiwk's Magic Scroll Boutique.
 46995 | Elf:2    | Bought a scroll of blinking for 120 gold pieces
 46995 | Elf:2    | Bought a scroll of blinking for 120 gold pieces
 47055 | Elf:2    | Reached XP level 20. HP: 120/120 MP: 35/35
 47357 | Elf:2    | Got the Handbook of Transmigration
 47361 | Elf:2    | Got Bilewar's Compendium of Necromancy and Earth
 47909 | Elf:2    | Found a runed translucent gate.
 47909 | Elf:2    | Found a runed translucent gate.
 47910 | Elf:2    | Found a runed translucent gate.
 48180 | Elf:2    | Reached skill level 15 in Earth Magic
 48457 | Elf:2    | Offered knowledge of Ignition by Vehumet.
 49309 | Elf:3    | Entered Level 3 of the Elven Halls
 50342 | Elf:3    | Noticed a Tzitzimitl
 50877 | Elf:3    | Identified the +9 war axe of the Gnat {vorpal, rF++}
 51299 | Elf:3    | Identified the +0 chain mail "Zeuxt" {rC+ rN+}
 51440 | Elf:3    | Identified the amulet of Makhleb's Castigation {Spirit
                  | Dex+3}
 51669 | Elf:3    | Identified the +0 scale mail of Velipiq {Will+ Regen+
                  | Dex+4}
 51832 | Elf:3    | Reached XP level 21. HP: 71/127 MP: 30/37
 52098 | Elf:3    | Identified the +1 pair of boots of Courage {Int+2}
 52126 | Elf:3    | Identified the +6 quarterstaff of Dixkolet {elec, rPois rC+
                  | Str+2 Dex+5}
 52633 | D:12     | Offered knowledge of Lehudib's Crystal Spear by Vehumet.
 52633 | D:12     | Offered knowledge of Polar Vortex by Vehumet.
 52633 | D:12     | Offered knowledge of Maxwell's Capacitive Coupling by
                  | Vehumet.
 53254 | D:13     | Noticed Frances
 53267 | D:13     | Learned a level 8 spell: Lehudib's Crystal Spear
 53273 | D:13     | Killed Frances
 53278 | D:13     | Noticed Nessos
 53285 | D:13     | Killed Nessos
 53566 | D:13     | Found a gate to the Vaults.
 54341 | D:14     | Found Moaqek's Jewellery Emporium.
 54558 | D:14     | Reached skill level 10 in Dodging
 55196 | D:14     | Found a shimmering altar of Xom.
 55306 | D:14     | Found a radiant altar of Vehumet.
 55306 | D:14     | Found a broken altar of Ashenzari.
 55308 | D:14     | Found a white marble altar of Elyvilon.
 55308 | D:14     | Found an opulent altar of Gozag.
 55308 | D:14     | Found a bloodstained altar of Trog.
 55495 | D:14     | Found Pybrylaxt's Distillery.
 55500 | D:14     | Bought a potion of haste for 180 gold pieces
 55500 | D:14     | Bought a potion of haste for 180 gold pieces
 55634 | D:14     | Found Hoiwehat's Distillery.
 55637 | D:14     | Bought a potion of magic for 144 gold pieces
 55660 | D:15     | Entered Level 15 of the Dungeon
 55854 | D:15     | Found a shadowy altar of Dithmenos.
 55854 | D:15     | Found a snail-covered altar of Cheibriados.
 55855 | D:15     | Found an ancient bone altar of Kikubaaqudgha.
 56369 | D:15     | Found a staircase to the Depths.
 59066 | Swamp:1  | Identified the -5 pair of gloves "Liruuses" {Slay+2}
 59068 | Swamp:1  | Identified the ring "Muczaita" {Fly rPois rC- Int-4 SInv}
 59244 | Vaults:1 | Entered Level 1 of the Vaults
 59301 | Vaults:1 | Reached skill level 16 in Earth Magic
 59932 | Vaults:1 | Reached XP level 22. HP: 132/132 MP: 38/38
 62922 | Vaults:2 | Found Pyozasm's General Store.
 65002 | Vaults:2 | Identified a scroll of acquirement
 65648 | Vaults:2 | Identified the +10 war axe of the Ass {protect, Str+3
                  | Dex+2}
 66238 | Vaults:2 | Reached skill level 15 in Conjurations
 66391 | Vaults:3 | Noticed Nikola
 66480 | Vaults:3 | Noticed Frederick
 66900 | Vaults:2 | Reached XP level 23. HP: 137/137 MP: 1/40
 67272 | Vaults:3 | Killed Frederick
 67864 | Vaults:3 | Killed Nikola
 68705 | Vaults:3 | Found a staircase to the Crypt.
 68739 | Vaults:3 | Noticed Mennas
 69260 | Vaults:3 | Reached skill level 17 in Earth Magic
 69320 | Vaults:3 | Reached skill level 15 in Fire Magic
 69795 | Vaults:3 | Killed Mennas
 70809 | Vaults:4 | Found Myn Ruq's Magic Scroll Emporium.
 70817 | Vaults:4 | Bought a scroll of acquirement for 936 gold pieces
 72163 | Vaults:4 | Reached XP level 24. HP: 142/142 MP: 33/40
 72306 | Vaults:4 | Found the +9 staff of Wucad Mu {*channel}
 73061 | Depths:1 | Entered Level 1 of the Depths
 73061 | Depths:1 | Found a one-way gate leading to the halls of Pandemonium.
 73768 | Depths:1 | Found a gateway to Hell.
 74427 | Depths:1 | Found a snail-covered altar of Cheibriados.
 74464 | Depths:1 | Cast into level 2 of the Abyss (a wizard)
 74727 | Abyss:2  | Found a corrupted altar of Lugonu.
 75420 | Abyss:3  | Gained mutation: [You tend to lose your temper in combat.]
                  | [a neqoxec]
 75617 | Abyss:3  | HP: 4/99 [starcursed mass/accursed screaming (8)]
 75637 | Abyss:3  | Killed from afar by a starcursed mass

Illustrated notes

Levels and vault maps discovered:
D:1:      sevenhm_arrival_forest_fort_large_3, layout_loops_ring, minivault_25,
          minmay_stone_trees_large, patterned_corridor
D:2:      layout_loops_corners, chequers_ecumenical_altar_lobes,
          minmay_pentomino_t4
D:3:      layout_basic, uniq_sigmund
D:4:      layout_basic, serial_shops, shop, uniq_edmund, uniq_robin
D:5:      layout_basic, uniq_menkaure, uniq_eustachio
D:6:      layout_loops_ring, nicolae_shop_firing_range
D:7:      layout_loops_corners, lemuel_temple_firewalk_a, minivault_24,
          uniq_crazy_yiuf_cottage
D:8:      layout_basic, nzn_ghost_randoct, hangedman_abyss_or_decor_clamps
D:9:      layout_big_octagon, serial_gnoll_camp, gnoll_camp_mini_shop,
          gnoll_camp_mini_loothouse, gnoll_camp_mini_sergeant,
          gnoll_camp_mini_house, gnoll_camp_huts_moat, gnoll_camp_mini_hut
D:10:     layout_irregular_city, mainiacjoe_overflow_alcove_4
D:11:     layout_basic, lair_entry_dummy
D:12:     layout_irregular_city, orc_0_dummy
D:13:     layout_roguey, skrybe_vaults_entry_preservation, serial_rivers,
          chequers_serial_rivers_micro_c, chequers_serial_rivers_room_a,
          chequers_serial_rivers_micro_d, chequers_serial_rivers_micro_a,
          chequers_serial_rivers_micro_b, chequers_serial_rivers_room_b,
          uniq_frances, uniq_nessos
D:14:     layout_roguey, doesnt_xom_only_xom, serial_shops,
          nicolae_shop_behind_doors, nicolae_shop_trees, nicolae_stop_n_shop_1,
          kennysheep_inner_square
D:15:     hangedman_slaughterboxes
Temple:   roderic_octagonal_lattice_temple
Lair:1:   layout_roguey, grunt_megastairs_1, lemuel_fruit_tree,
          serial_bayou_shore_a, infiniplex_staircase_pool
Lair:2:   layout_hall_layers
Lair:3:   layout_regular_city, minmay_swamp_entry_wisps
Lair:4:   layout_roguey, spider_nest_entry_funnel_web,
          grunt_forest_small_clearing_treed, grunt_megastairs_4, uniq_josephine
Lair:5:   layout_misc_corridors, slime_altar_1
Lair:6:   cheibrodos_lair_end_hotspot, layout_regular_city
Swamp:1:  gammafunk_worm_tunnel, layout_basic_swamp, serial_swamp_ruin,
          evilmike_swamp_ruin_rubble_1, hangedman_swamp_ruin_wall, uniq_roxanne
Swamp:2:  layout_basic_swamp, evilmike_swamp_ruin_house_1, uniq_aizul,
          uniq_kirke
Swamp:3:  layout_falls_marsh, nicolae_swamp_tree_isthmus, swamp_pool1
Swamp:4:  swamp_pestilence, layout_basic_swamp
Spider:1: cheibrodos_spider_deadly_dance, drop_trap
Spider:2: nicolae_spider_hilbert_zone_4 [nicolae_spider_hilbert_4_sides_2_open,
          nicolae_spider_hilbert_4_sides_1_open,
          nicolae_spider_hilbert_4_sides_1_open,
          nicolae_spider_hilbert_4_sides_1_open,
          nicolae_spider_hilbert_4_sides_1_open,
          nicolae_spider_hilbert_2_sides_1_open,
          nicolae_spider_hilbert_2_sides_1_open,
          nicolae_spider_hilbert_2_sides_1_open,
          nicolae_spider_hilbert_2_sides_1_open,
          nicolae_spider_hilbert_6_sides_1_open,
          nicolae_spider_hilbert_6_sides_1_open,
          nicolae_spider_hilbert_3_sides_1_open,
          nicolae_spider_hilbert_3_sides_1_open], gammafunk_ghost_cemetery,
          einodemon_crawler_minivault
Spider:3: layout_chambers, nicolae_spider_cling_halls, uniq_mara, uniq_arachne
Spider:4: grunt_spider_rune_circles
Orc:1:    layout_caves, serial_shops, shop, enter_bailey_2
Orc:2:    grunt_orc_gardens, layout_caves, grunt_orc_garden, grunt_orc_garden,
          grunt_orc_garden, grunt_orc_garden, serial_shops, bzr_in_the_mist,
          nicolae_shop_stone, nicolae_lakefront_shop, uniq_donald, uniq_erolcha
Elf:1:    layout_geoelf_octagon, basic_altar, evilmike_minifort, drop_trap
Elf:2:    nicolae_elf_blades_splatter_lattice
          [nicolae_blade_entry_area_security], layout_geoelf_diagonals,
          serial_shops, nicolae_square_shop, nicolae_elf_shapeshifter_party
Elf:3:    minmay_elf_hall_statues, layout_onion_city, minmay_misc_feat_alley
Vaults:1: nicolae_vaults_network_barrier, v_pattern_4, nicolae_vaults_alarming,
          hangedman_vaults_nails, vaults_dpeg_ring, ontoclasm_vaults_shuriken,
          vaults_room_grid, vaults_dpeg_encased_lava, layout_vaults_omnigrid
Vaults:2: hangedman_vaults_cutoff, st_greater_box_5, ontoclasm_vaults_eye,
          vaults_dpeg_doors, v_misc_11, hangedman_vaults_snaps,
          hangedman_vaults_impose, hangedman_vaults_slice,
          nicolae_vaults_triangles, v_misc_19, nicolae_vaults_little_squares_6,
          layout_vaults_omnibox, serial_shops, shop
Vaults:3: v_alt_pattern_1, nicolae_vaults_yaktaur_gun_rack,
          hangedman_vaults_corner, vaults_mumra_chevron,
          minmay_crypt_entry_simple_round, nicolae_vaults_hallways_thing,
          nicolae_vaults_little_squares_1, dpeg_vaults_monster_box,
          dpeg_vaults_monster_row, vaults_room_fours, v_misc_18,
          nicolae_vaults_shelves_hall, layout_vaults_big_cross, uniq_nikola,
          uniq_mennas, uniq_frederick
Vaults:4: vaults_room_fours, vaults_room_boxed, ontoclasm_vaults_ring_small,
          hangedman_vaults_trim, ontoclasm_vaults_spin, ontoclasm_vaults_pinch,
          nicolae_vaults_theta, nicolae_vaults_display_case,
          vaults_mumra_minichess, vaults_room_corners, nicolae_vaults_asterisk,
          v_misc_14, v_misc_19, nicolae_vaults_big_angled_halls,
          layout_vaults_maze_bifur, serial_shops, shop_fountains
Depths:1: layout_forbidden_donut, pan_entry, marbit_kobold_abyss_entry,
          hangedman_geh_valley, chequers_serial_rivers_room_a,
          nicolae_twisting_strands, minmay_misc_feat_columns,
          cheibriados_altar_1, serial_bayou_shore_b, uniq_bai_suzhen
Abyss:3:  base: Crypt:2, evilmike_abyss_exit_16, nicolae_abyss_rune_star_stuff,
          evilmike_abyss_exit_17, evilmike_nicolae_abyss_rune_containment_curve,
          hangedman_abyss_or_decor_jellyfish_corner,
          evilmike_abyss_rune_elephants_shrine, minivault_23

Skill      XL: |  1  2  3  4  5  6  7  8  9 10 11 12 13 14 15 16 17 18 19 20 21 22 23 24 |
---------------+-------------------------------------------------------------------------+-----
Earth Magic    | 4 5 6 7 8 9 10 11 12 13 14 15 16 17 | 17.6
Spellcasting   | 3 4 5 6 7 8 9 10 11 12 13 14 | 14.0
Conjurations   | 2 3 4 6 7 8 9 10 11 12 13 14 15 | 15.9
Maces & Flails | 1 2 4 5 6 7 8 9 10 11 | 11.6
Fighting       | 2 4 5 6 7 8 9 10 11 12 | 12.2
Armour         | 3 4 5 6 7 8 9 10 11 12 13 14 | 14.7
Dodging        | 2 3 4 5 6 7 8 9 10 11 | 11.8
Evocations     | 2 3 4 5 6 7 8 9 10 | 10.5
Fire Magic     | 2 3 5 6 7 8 9 10 11 13 14 15 16 | 16.0
Shields        | 2 3 5 6 7 8 9 10 11 12 13 14 | 14.3
Stealth        | |  2.1
Transmutations | |  0.7

Action                   |  1- 3 |  4- 6 |  7- 9 | 10-12 | 13-15 | 16-18 | 19-21 | 22-24 || total
-------------------------+-------+-------+-------+-------+-------+-------+-------+-------++-------
Melee: Unarmed           |    24 |       |       |       |       |       |       |       ||    24
       Dagger            |    75 |    37 |       |       |       |       |       |       ||   112
       Morningstar       |       |    55 |     5 |    25 |    28 |       |       |       ||   113
       Eveningstar       |       |       |       |       |    19 |    51 |   157 |    98 ||   325
 Cast: Sandblast         |    29 |    45 |    13 |    24 |    87 |    82 |    98 |    31 ||   409
       Stone Arrow       |       |     7 |    92 |   363 |   717 |   368 |    61 |    28 ||  1636
       Fireball          |       |       |       |       |    33 |   122 |    76 |    43 ||   274
       Lee's Rapid Decon |       |       |       |       |     7 |    81 |   197 |   254 ||   539
       Iron Shot         |       |       |       |       |       |    46 |   503 |   352 ||   901
       Lehudib's Crystal |       |       |       |       |       |       |       |    35 ||    35
Evoke: Wand              |       |       |     2 |     2 |     8 |       |     6 |     3 ||    21
  Use: Scroll            |       |       |    10 |     8 |    12 |    13 |     8 |     9 ||    60
       Potion            |       |       |       |     1 |       |     3 |     9 |    13 ||    26
 Stab: Sleeping          |     5 |     1 |       |       |       |       |       |       ||     6
       Distracted        |       |       |       |       |       |       |     2 |       ||     2
Armor: Robe              |    48 |    57 |     8 |   139 |   181 |   382 |   417 |   118 ||  1350
Dodge: Dodged            |    81 |    93 |    21 |   156 |   202 |   307 |   322 |   138 ||  1320
Block: Buckler           |       |       |       |    86 |   124 |   172 |   236 |   176 ||   794
       Reflection        |       |       |       |       |       |       |     1 |    23 ||    24
